 Dungeon Crawl Stone Soup version 0.30.1-3-gfc49f6343a (webtiles) character file.

Game seed: 17699120000551355821

2 hime the Magician (level 1, 0/13 HPs)
             Began as a Human Hedge Wizard on Aug 3, 2023.
             Slain by a hobgoblin (3 damage)
             ... on level 1 of the Dungeon.
             The game lasted 00:01:03 (135 turns).

hime the Magician (Human Hedge Wizard)               Turns: 135, Time: 00:01:03

Health: 0/13       AC:  2    Str: 10    XL:     1   Next: 44%
Magic:  4/4        EV: 12    Int: 14    God:
Gold:   12         SH:  0    Dex: 12    Spells: 5/6 levels left

rFire   . . .        a - +0 dagger
rCold   . . .        (no shield)
rNeg    . . .        b - +0 robe
rPois   .            c - +0 hat
rElec   .            (no cloak)
rCorr   .            (no gloves)
SInv    .            (no boots)
Will    .....        (no amulet)
Stlth   ++           (no ring)
HPRegen 0.22/turn    (no ring)
MPRegen 0.09/turn

%: no passive effects
@: no status effects
A: no striking features
a: no special abilities


You were on level 1 of the Dungeon.
You visited 1 branch of the dungeon, and saw 1 of its levels.

You collected 12 gold pieces.

Inventory:

Hand Weapons
 a - a +0 dagger (weapon)
Armour
 b - a +0 robe (worn)
 c - a +0 hat (worn)
Potions
 d - a potion of magic


   Skills:
 + Level 2.1 Dodging
 + Level 2.0 Stealth
 + Level 3.0 Spellcasting
 + Level 1.0 Conjurations
 + Level 1.0 Summonings
 + Level 1.0 Translocations


You had 5 spell levels left.
You knew the following spells:

 Your Spells              Type           Power      Damage    Failure   Level
a - Magic Dart            Conj           16%        1d3       14%         1

Your spell library contained the following spells:

 Spells                   Type           Power      Damage    Failure   Level
 Slow                     Hex            8%         N/A       22%         1
 Blink                    Tloc           8%         N/A       22%         2
 Call Imp                 Summ           8%         N/A       22%         2
 Cigotuvi's Dreadful Rot  Necr/Pois/Air  4%         N/A       32%         2
 Mephitic Cloud           Conj/Pois/Air  3%         N/A       50%         3


Dungeon Overview and Level Annotations

Branches:
Dungeon (1/15)

Altars:


Message History

The ball python hisses angrily.
A hobgoblin comes into view.
The hobgoblin shouts!
You hit the ball python but do no damage.
The ball python misses you. The ball python grabs you.
The ball python constricts you.
You hit the ball python but do no damage.
The ball python bites you but does no damage.
The ball python constricts you. As you open the door, it creaks loudly!
The ball python bites you. The ball python constricts you.
You escape the ball python's grasp.
The hobgoblin attacks as you move away! The hobgoblin closely misses you.
The ball python attacks as you move away!
The ball python bites you.
Found a gnoll skeleton.
The hobgoblin attacks as you move away! The hobgoblin misses you.
You hit the ball python.
The ball python is moderately wounded.
The ball python barely misses you. The ball python misses you.
You closely miss the ball python.
The ball python is moderately wounded.
The ball python closely misses you. The ball python barely misses you.
The ball python bites you. The ball python closely misses you.
You hit the ball python.
You kill the ball python!
You hit the hobgoblin.
The hobgoblin is moderately wounded.
The hobgoblin closely misses you.
A goblin comes into view. It is wielding a +0 club.
You hit the hobgoblin but do no damage.
The hobgoblin is moderately wounded.
The hobgoblin hits you.
You hit the hobgoblin but do no damage.
The hobgoblin is moderately wounded.
The hobgoblin hits you.
* * * LOW HITPOINT WARNING * * *
You hit the hobgoblin.
The hobgoblin is heavily wounded.
The hobgoblin hits you.
You die...

##############
#....#........
#.............
##...........
...........
#......##########
#.....gg@.......#
#...##♣'♣##.......#
. ....
#♣♣.....#########
÷#..8..
♣..............
♣♣#.....#
♣.....########.
###+###
♣..............
♣...##########.
♣.#.# #... ♣..#.#
#.#.


You could see a hobgoblin and a goblin.

Vanquished Creatures
  A ball python (D:1)
  A frilled lizard (D:1)
  A goblin (D:1)
  A rat (D:1)
4 creatures vanquished.

Notes
Turn   | Place    | Note
-------+----------+-------------------------------------------
     0 | D:1      | hime the Human Hedge Wizard began the quest for the Orb.
     0 | D:1      | Reached XP level 1. HP: 13/13 MP: 4/4
   135 | D:1      | Slain by a hobgoblin

Illustrated notes

Levels and vault maps discovered:
D:1:      minmay_arrival_checkered_box, layout_basic, serial_forest,
          infiniplex_forest_zigzag_2, infiniplex_forest_clump_medium,
          infiniplex_forest_lined_3, infiniplex_forest_lined_corner,
          infiniplex_forest_end_1, infiniplex_forest_end_3,
          infiniplex_forest_lined_room_, dilly_ecumenical_altar_fadedgnrine,
          minmay_split_cup_large

Action                     || total
---------------------------++-------
  Melee: Dagger            ||    17
 Armour: Robe              ||     2
  Dodge: Dodged            ||    12
